 Dungeon Crawl Stone Soup version 0.24-a0-434-gd57e52fea8 (webtiles) character file.

Game seed: 15795763809751110480

165 theanonym the Poker (level 5, 0/38 HPs)
             Began as a Mummy Warper on June 15, 2019.
             Slain by a worker ant (4 damage)
             ... on level 4 of the Dungeon.
             The game lasted 00:04:39 (3757 turns).

theanonym the Poker (Mummy Warper)                  Turns: 3757, Time: 00:04:40

Health: 0/38       AC:  6    Str: 16    XL:     5   Next: 21%
Magic:  9/9        EV:  9    Int: 12    God:
Gold:   112        SH:  0    Dex: 11    Spells: 9/9 levels left

rFire    x . .     SeeInvis .   a - +0 spear
rCold    + . .     Gourm    .   (no shield)
rNeg     + + +     Faith    .   i - +0 scale mail
rPois    ∞         Spirit   .   (no helmet)
rElec    .         Reflect  .   (no cloak)
rCorr    .         Harm     .   (no gloves)
MR       .....                  (no boots)
Stlth    ..........             (no amulet)
HPRegen  0.12/turn              (no ring)
MPRegen  0.11/turn              (no ring)

@: no status effects
A: no food or potions, fire vulnerability, cold resistance 1, negative energy
resistance 3, torment resistance, unbreathing
a: no special abilities


Innate Abilities, Weirdness & Mutations

You do not eat or drink.
Your flesh is vulnerable to fire.
You are immune to poison.
Your flesh is cold resistant. (rC+)
You are immune to negative energy. (rN+++)
You are immune to unholy pain and torment.
You can survive without breathing.


   Skills:
 - Level 2.0 Fighting
 + Level 4.5 Polearms
 - Level 0.7 Throwing
 - Level 0.7 Armour
 - Level 1.5 Dodging
 - Level 2.6 Spellcasting
   Level 2.4 Translocations


You had 9 spell levels left.
You didn't know any spells.
Your spell library contained the following spells:

 Spells                   Type           Power        Failure   Level  Hunger
 Blink                    Tloc           N/A          47%         2    N/A
 Shroud of Golubria       Chrm/Tloc      #.....       65%         2    N/A
 Gell's Gravitas          Tloc           #.........   71%         3    N/A
 Lesser Beckoning         Tloc           #.........   71%         3    N/A
 Teleport Other           Tloc           #.......     71%         3    N/A
 Passage of Golubria      Tloc           N/A          98%         4    N/A

Skill      XL: |  1  2  3  4 |
---------------+-------------+-----
Polearms       | 2 3 4 |  4.5
Fighting       | |  2.0
Throwing       | |  0.7
Armour         | |  0.7
Dodging        | |  1.5
Spellcasting   | |  2.6
Translocations | |  2.4

Action                   |  1- 3 |  4- 6 || total
-------------------------+-------+-------++-------
Melee: Spear             |   152 |   210 ||   362
Throw: Boomerang         |       |     2 ||     2
  Use: Scroll            |       |     9 ||     9
Armor: Leather armour    |    22 |    11 ||    33
       Ring mail         |       |     7 ||     7
       Scale mail        |       |    19 ||    19
Dodge: Dodged            |    61 |    91 ||   152

Inventory:

Hand Weapons
 a - a +0 spear (weapon)
Missiles
 e - 3 boomerangs of dispersal (quivered)
Armour
 c - the +1 leather armour of Honour {+Blink rF+ rC+ Dex+4}

   It affects your dexterity (+4).
   It protects you from fire.
   It protects you from cold.
   It lets you blink.
 i - a +0 scale mail (worn)
Scrolls
 f - a scroll of fog
 g - a scroll of immolation
 l - a scroll of amnesia
 n - 2 scrolls of remove curse
 r - 2 scrolls of identify
 t - 2 scrolls of teleportation
 y - 2 scrolls of magic mapping
 B - 2 scrolls of blinking


You were on level 4 of the Dungeon.
You were not hungry.

You visited 1 branch of the dungeon, and saw 4 of its levels.

You collected 112 gold pieces.

Dungeon Overview and Level Annotations

Branches:
Dungeon (4/15)
 Temple: D:4-7

Altars:
Fedhas
Nemelex Xobeh
Vehumet

######## #.. ... ...
..# #.###.### #
#a#..... .#
#@#.#.##..#
#$........#
###.#.##.## ##+#
#.#.##.# ##...##
#......# ##.....##
####.#### ##.......##
##....#
#.........####...####
+.........'.(.........


You could see a worker ant.

Notes
Turn   | Place    | Note
-------+----------+-------------------------------------------
     0 | D:1      | theanonym the Mummy Warper began the quest for the Orb.
     0 | D:1      | Reached XP level 1. HP: 16/16 MP: 4/4
    15 | D:1      | Reached skill level 2 in Polearms
    15 | D:1      | Reached XP level 2. HP: 14/22 MP: 5/5
   367 | D:1      | Reached XP level 3. HP: 27/27 MP: 7/7
   537 | D:1      | Reached skill level 3 in Polearms
   869 | D:2      | Found a sparkling altar of Nemelex Xobeh.
  1421 | D:2      | HP: 12/27 [orc/+3 war axe of flaming (3)]
  1695 | D:2      | Reached XP level 4. HP: 29/33 MP: 8/8
  2156 | D:3      | HP: 16/33 [worm (10)]
  2160 | D:3      | HP: 5/33 [worm (11)]
  2431 | D:2      | HP: 9/33 [orc priest/divine providence (14)]
  2434 | D:2      | HP: 1/33 [orc priest/divine providence (8)]
  2437 | D:2      | Reached skill level 4 in Polearms
  2757 | D:3      | HP: 9/33 [worm (10)]
  2987 | D:3      | Found a radiant altar of Vehumet.
  3027 | D:3      | Reached XP level 5. HP: 32/38 MP: 9/9
  3222 | D:3      | Found a blossoming altar of Fedhas.
  3616 | D:4      | Got a faintly humming leather armour
  3617 | D:4      | Identified the +1 leather armour of Honour {+Blink rF+ rC+
                  | Dex+4} (You found it on level 4 of the Dungeon)
  3754 | D:4      | HP: 14/38 [worker ant (6)]
  3756 | D:4      | HP: 4/38 [worker ant (6)]
  3757 | D:4      | Slain by a worker ant

Vanquished Creatures
  An orc priest (D:2)
  A gnoll (D:1)
  4 adders
  An ooze (D:3)
  3 worms
  3 dart slugs
  3 leopard geckos
  3 orcs
  4 giant cockroaches
  8 goblins
  3 hobgoblins
  4 jackals (D:3)
  7 kobolds
  A quokka (D:2)
  2 ball pythons
  8 bats
  A frilled lizard (D:2)
  8 rats
65 creatures vanquished.

Table legend:
 A = Turns spent in this place as a percentage of turns spent in the entire game.
 B = Non-inter-level travel turns spent in this place as a percentage of non-inter-level travel turns spent in the entire game.
 C = Inter-level travel turns spent in this place as a percentage of turns spent in this place.
 D = Turns resting spent in this place as a percentage of non-inter-level travel turns spent in this place.
 E = Turns spent auto-exploring this place as a percentage of non-inter-level travel turns spent in this place.
 F = Non-inter-level travel turns spent in this place divided by the number of levels of this place that you've seen.
                   A       B       C       D       E      F
               +-------+-------+-------+-------+-------+----------------------
         Total | 100.0 | 100.0 |   3.8 |  41.9 |  39.9 | 904.0
       Dungeon | 100.0 | 100.0 |   3.8 |  41.9 |  39.9 | 904.0
               +-------+-------+-------+-------+-------+----------------------
